 Dungeon Crawl Stone Soup version 0.25.1-2-g60ff931df9 (webtiles) character file.

Game seed: 5570616809123998122

110 H0rd4k the Insei (level 4, -1/28 HPs)
             Began as an Octopode Transmuter on Aug 3, 2020.
             Slain by Grinder (4 damage)
             ... on level 4 of the Dungeon.
             The game lasted 00:02:01 (3190 turns).

H0rd4k the Insei (Octopode Transmuter)              Turns: 3190, Time: 00:02:02

Health: -1/28      AC:  1    Str:  9    XL:     4   Next: 91%
Magic:  6/7        EV: 17    Int: 16    God:
Gold:   127        SH:  0    Dex: 12    Spells: 2/8 levels left

rFire    + . .     SeeInvis .     - Unarmed
rCold    . . .     Gourm    .   (no shield)
rNeg     . . .     Faith    .   (helmet restricted)
rPois    .         Spirit   .   (no amulet)
rElec    .         Reflect  .   l - ring of protection from fire
rCorr    .         Harm     .   m - +4 ring of evasion
MR       .....                  (no ring)
Stlth    +++.......             (no ring)
HPRegen  0.09/turn              (no ring)
MPRegen  0.10/turn              (no ring)
                                (no ring)
                                (no ring)

@: brilliant, appendage, stab
A: almost no armour, stealthy swim, amphibious, 8 rings, constrict 8, tentacle
spike 3, camouflage 1, gelatinous body 1
a: End Transformation


You were on level 4 of the Dungeon.
You were not hungry.
One of your tentacles had a temporary spike.
You visited 1 branch of the dungeon, and saw 4 of its levels.

You collected 127 gold pieces.

Inventory:

Missiles
 a - 71 arrows
 t - an atropa-tipped dart (quivered)
Magical Staves
 s - an uncursed staff of fire {unknown}
Jewellery
 l - a ring of protection from fire (left tentacle)
 m - a +4 ring of evasion (right tentacle)
Wands
 n - a wand of iceblast (10)
Scrolls
 d - 6 scrolls of identify {unknown}
 f - a scroll of blinking {unknown}
 g - 2 scrolls of teleportation {unknown}
 i - 2 scrolls of remove curse {unknown}
 r - a scroll of immolation {unknown}
Potions
 b - a potion of degeneration {unknown}
 j - a potion of flight {unknown}
 k - a potion of curing
 o - a potion of might {unknown}
 q - 2 potions of ambrosia {unknown}
Comestibles
 c - 4 rations
 p - 3 chunks of flesh


   Skills:
 + Level 1.0 Fighting
 + Level 2.5 Dodging
 + Level 3.1 Stealth
 + Level 3.8 Unarmed Combat
 * Level 2.5 Spellcasting
 * Level 2.4 Transmutations


You had 2 spell levels left.
You knew the following spells:

 Your Spells              Type           Power        Failure   Level  Hunger
a - Beastly Appendage     Tmut           ##....       7%          1    None
b - Sticks to Snakes      Tmut           ##......     11%         2    None
c - Spider Form           Tmut/Pois      #.........   34%         3    None

Your spell library contained the following spells:

 Spells                   Type           Power        Failure   Level  Hunger
 Ice Form                 Ice/Tmut       #.......     75%         4    None
 Blade Hands              Tmut           ##........   89%         5    None


Dungeon Overview and Level Annotations

Branches:
Dungeon (4/15)
 Temple: D:4-7

Altars:
Kikubaaqudgha
Vehumet
Xom

Annotations:
D:4 Grinder


Innate Abilities, Weirdness & Mutations

You cannot wear most types of armour.
You are very stealthy in the water. (Stealth+)
You are amphibious.
You can wear up to eight rings at the same time.
You can use your tentacles to constrict eight enemies at once.
Your skin changes colour to match your surroundings (Stealth+).
Your rubbery body absorbs attacks. (AC +1, EV +1)
One of your tentacles bears a large vicious spike.


Message History

You constrict Grinder, but do no damage.
Grinder hits you!
* * * LOW HITPOINT WARNING * * *
You writhe in agony.
* * * LOW HITPOINT WARNING * * *
Unknown command.
It was a potion of brilliance.
You feel clever all of a sudden.
You constrict Grinder. Grinder gestures at you.
You barely resist.
It was a potion of stabbing.
You feel ready to backstab.
You constrict Grinder. Grinder barely misses you.
It was a potion of curing.
You feel better.
You constrict Grinder, but do no damage.
Grinder hits you!
* * * LOW HITPOINT WARNING * * *
You writhe in agony.
You die...

......## .......# #
.......#### .#### .
.........##..... ..
#.....<.....#
#.####...(.....##
#.....(..........#
.#.###...5........#
........@.........#..
#...................
#..##....#....##..%..
###.###..........
#...####......%.
#..## ......... ####
..........
...)....^..
...##.5.....


You could see Grinder.

Vanquished Creatures
  6 adders
  A worm (D:2)
  A dart slug (D:3)
  A giant cockroach (D:3)
  8 goblins
  8 hobgoblins
  6 jackals
  2 quokkas
  9 bats
  3 frilled lizards
  3 kobolds
  2 rats
50 creatures vanquished.

Vanquished Creatures (others)
  A human (D:2)
1 creature vanquished.

Grand Total: 51 creatures vanquished

Notes
Turn   | Place    | Note
-------+----------+-------------------------------------------
     0 | D:1      | H0rd4k the Octopode Transmuter began the quest for the Orb.
     0 | D:1      | Reached XP level 1. HP: 13/13 MP: 3/3
   314 | D:1      | Reached XP level 2. HP: 17/18 MP: 5/5
   930 | D:2      | Reached skill level 1 in Stealth
  1183 | D:2      | Reached XP level 3. HP: 23/23 MP: 6/6
  1191 | D:2      | Learned a level 2 spell: Sticks to Snakes
  1195 | D:2      | Learned a level 3 spell: Spider Form
  1560 | D:2      | Found an ancient bone altar of Kikubaaqudgha.
  1561 | D:2      | Noticed a human
  1564 | D:2      | Killed a human
  1762 | D:2      | Reached XP level 4. HP: 22/28 MP: 7/7
  2735 | D:3      | Found a radiant altar of Vehumet.
  2849 | D:3      | Found a faded altar of an unknown god.
  3045 | D:3      | Found a shimmering altar of Xom.
  3160 | D:4      | Noticed Grinder
  3187 | D:4      | HP: 1/28 [Grinder (2)]
  3190 | D:4      | Slain by Grinder

Illustrated notes

Levels and vault maps discovered:
D:1:      saegor_arrival_simple_c, layout_loops_ring
D:2:      layout_basic, tgw_kikubaaqudgha
D:3:      layout_basic, old_standard_altar, lemuel_doored_altar,
          chequers_ecumenical_altar_simple
D:4:      cheibrodos_old_hovel, layout_cave_pools, kennysheep_little_box,
          marbit_many_paths, first_ration, grunt_nemelex_the_gamble,
          uniq_edmund, uniq_grinder

Skill      XL: |  1  2  3  4 |
---------------+-------------+-----
Stealth        | 1 2 3 |  3.1
Fighting       | |  1.0
Dodging        | |  2.5
Unarmed Combat | |  3.8
Spellcasting   | |  2.5
Transmutations | |  2.4

Action                   |  1- 3 |  4- 6 || total
-------------------------+-------+-------++-------
Melee: Unarmed           |    72 |    55 ||   127
       Constrict         |    18 |    17 ||    35
       Punch             |     4 |     2 ||     6
       Tentacles         |     5 |     6 ||    11
       Kick              |     4 |     4 ||     8
Throw: Dart              |       |     4 ||     4
 Cast: Beastly Appendage |     3 |     4 ||     7
  Use: Potion            |       |     3 ||     3
 Stab: Sleeping          |     9 |     6 ||    15
       Distracted        |       |     1 ||     1
  Eat: Chunk             |     3 |     4 ||     7
Armor: Skin              |     7 |     6 ||    13
Dodge: Dodged            |    55 |    35 ||    90
